 Dungeon Crawl Stone Soup version 0.26-a0-639-g72c4674329 (webtiles) character file.

Game seed: 9599881248185957230

287 Borgoz the Skirmisher (level 6, -1/39 HPs)
             Began as a Gargoyle Berserker on Sept 20, 2020.
             Was a Believer of Trog.
             Slain by an ogre
             ... wielding a +0 giant club
              (14 damage)
             ... on level 4 of the Dungeon.
             The game lasted 00:04:40 (2699 turns).

Borgoz the Skirmisher (Gargoyle Berserker)          Turns: 2699, Time: 00:04:41

Health: -1/39      AC: 10    Str: 21    XL:     6   Next: 30%
Magic:  6/6        EV: 12    Int:  7    God:    Trog [**....]
Gold:   167        SH:  0    Dex: 11    Spells: 5/5 levels left

rFire    . . .     SeeInvis .   o - +0 flail
rCold    . . .     Faith    .   (no shield)
rNeg     + . .     Spirit   .   f - +0 ring mail
rPois    ∞         Reflect  .   (no helmet)
rElec    +         Harm     .   (no cloak)
rCorr    .         Rampage  .   (no gloves)
MR       .....                  (no boots)
Stlth    ++........             (no amulet)
HPRegen  0.13/turn              d - ring of stealth
MPRegen  0.10/turn              n - ring of flight

@: no status effects
A: negative energy resistance 1, electricity resistance, unbreathing,
petrification resistance, rot immunity, AC +4
a: Berserk, Trog's Hand, Renounce Religion, Evoke Flight


You were on level 4 of the Dungeon.
You worshipped Trog.
Trog was pleased with you.
You visited 1 branch of the dungeon, and saw 4 of its levels.

You collected 167 gold pieces.

Inventory:

Hand Weapons
 o - a +0 flail (weapon)
Armour
 f - a +0 ring mail (worn)
Jewellery
 d - a ring of stealth (left hand)
 n - a ring of flight (right hand)
Wands
 l - a wand of flame (10)
Scrolls
 b - a scroll of blinking {unknown}
 c - 2 scrolls of identify {unknown}
 g - 2 scrolls of remove curse {unknown}
 h - 3 scrolls of teleportation {unknown}
 p - a scroll of amnesia {unknown}
Potions
 a - a potion of berserk rage {unknown}
 e - 4 potions of curing
 i - a potion of haste {unknown}
 j - a potion of mutation {unknown}
 k - a potion of stabbing {unknown}
 m - a potion of degeneration {unknown}


   Skills:
 + Level 4.7 Fighting
 + Level 4.3 Maces & Flails
 + Level 3.9 Armour
 + Level 2.9 Dodging


You had 5 spell levels left.
You didn't know any spells.
Your spell library was empty.

Dungeon Overview and Level Annotations

Branches:
Dungeon (4/15)             Temple (0/1) D:4

Altars:


Innate Abilities, Weirdness & Mutations

You are resistant to torment.
Your stone body is resilient. (AC +4)
You are immune to poison.
You resist negative energy. (rN+)
You are resistant to electric shocks. (rElec)
You can survive without breathing.
You are immune to petrification.
You are immune to rotting.


Message History

The ogre struggles against the net.
You completely miss the ogre.
The ogre is almost dead.
The ogre struggles against the net. x2
You hit the ogre but do no damage.
The ogre is almost dead.
The ogre struggles against the net.
The net rips apart, and the ogre comes free!
You hit the ogre.
The ogre is almost dead.
The ogre hits you with a +0 giant club!
* * * LOW HITPOINT WARNING * * *
You closely miss the ogre.
The ogre is almost dead.
The ogre closely misses you.
Evoke which item? (* to show all) (? for menu, Esc to quit)
Okay, then.
It was a potion of curing.
You feel better. The ogre hits you with a +0 giant club!
You die...

>.8.....#>.....#
........#......#
8.#.....#......#
#......#
#......#
#......######
#........$.[..
#.....<.......
+..@..........
#.O...........
#......#######
........#
.........#
...........#
...........#
...........#


You could see an ogre.

Vanquished Creatures
  A black bear (D:3)
  2 orc wizards (D:3)
  A worker ant (D:4)
  7 adders
  A dart slug (D:3)
  A leopard gecko (D:3)
  10 orcs (D:3)
  3 giant cockroaches
  A goblin (D:1)
  6 hobgoblins
  A quokka (D:3)
  3 bats (D:1)
  2 frilled lizards (D:1)
  12 kobolds
  8 rats
59 creatures vanquished.

Notes
Turn   | Place    | Note
-------+----------+-------------------------------------------
     0 | D:1      | Borgoz the Gargoyle Berserker began the quest for the Orb.
     0 | D:1      | Reached XP level 1. HP: 14/14 MP: 1/1
   165 | D:1      | Reached XP level 2. HP: 19/19 MP: 2/2
   819 | D:2      | Reached XP level 3. HP: 23/23 MP: 3/3
  1042 | D:2      | Reached ** piety under Trog
  1625 | D:3      | Reached XP level 4. HP: 28/29 MP: 4/4
  1881 | D:3      | Noticed a black bear
  1889 | D:3      | Killed a black bear
  1889 | D:3      | Reached XP level 5. HP: 27/34 MP: 5/5
  1988 | D:3      | Reached XP level 6. HP: 35/39 MP: 6/6
  2670 | D:4      | Found a staircase to the Ecumenical Temple.
  2699 | D:4      | Slain by an ogre

Illustrated notes

Levels and vault maps discovered:
D:1:      lightli_arrival_noodles, layout_basic
D:2:      layout_basic, grunt_ministairs_12, kennysheep_generic_room_11
D:3:      layout_loops_ring
D:4:      layout_gridville, nicolae_gozag_cash_rules_everything_around_me,
          marbit_many_paths, gammafunk_temple_overflow_wave,
          minmay_temple_entry_statues_pillars, serial_shops, shop

Skill      XL: |  1  2  3  4 |
---------------+-------------+-----
Dodging        | 2 |  2.9
Armour         | 3 |  3.9
Fighting       | 4 |  4.7
Maces & Flails | 4 |  4.3

Action                   |  1- 3 |  4- 6 || total
-------------------------+-------+-------++-------
Melee: Mace              |   123 |    18 ||   141
       Flail             |       |    98 ||    98
Throw: Throwing net      |       |     1 ||     1
  Use: Potion            |       |     1 ||     1
 Stab: Distracted        |       |     1 ||     1
       Sleeping          |       |     2 ||     2
Armor: Ring mail         |    70 |    59 ||   129
       Animal skin       |     2 |       ||     2
Dodge: Dodged            |   106 |    76 ||   182

Table legend: (Time is in decaauts)
 A = Elapsed time spent in this place.
 B = Non-inter-level travel time spent in this place.
 C = Inter-level travel time spent in this place.
 D = Time resting spent in this place.
 E = Time spent auto-exploring this place.
 F = Levels seen in this place.
 G = Mean time per level.
                   A        B        C        D        E       F      G
               +--------+--------+--------+--------+--------+-----+--------+
         Total |   2750 |   2619 |    131 |    109 |   1990 |   4 |  687.5 |
       Dungeon |   2750 |   2619 |    131 |    109 |   1990 |   4 |  687.5 |
               +--------+--------+--------+--------+--------+-----+--------+

Top non-repeatable levels by time:
     D:3: 963 daAuts
     D:2: 818 daAuts
     D:1: 771 daAuts
     D:4: 197 daAuts
